 Seeded DCSS version 0.29-a0-653-gd47aff6735 (webtiles) character file.

Game seed: 10802498693541890562 (custom seed)

210 wilfster70 the Conjurer (level 5, 0/38 HPs)
             Began as a Draconian Conjurer on June 21, 2022.
             Slain by Pargi (3 damage)
             ... on level 3 of the Dungeon.
             The game lasted 00:16:07 (4803 turns).

wilfster70 the Conjurer (Draconian Conjurer)        Turns: 4803, Time: 00:16:07

Health: 0/38       AC:  5    Str:  9    XL:     5   Next: 56%
Magic:  1/8        EV: 12    Int: 20    God:
Gold:   182        SH:  0    Dex: 10    Spells: 1/8 levels left

rFire   . . .      SeeInvis .   a - +1 dagger (speed)
rCold   . . .      Faith    .   (no shield)
rNeg    . . .      Spirit   .   (body armour unavailable)
rPois   .          Reflect  .   (helmet restricted)
rElec   .          Harm     .   (no cloak)
rCorr   .          Rampage  .   (no gloves)
Will    .....                   (no boots)
Stlth   ++........              (no amulet)
HPRegen 0.12/turn               (no ring)
MPRegen 0.11/turn               (no ring)

@: no status effects
A: AC +5, unfitting armour, cold-blooded
a: no special abilities


You were on level 3 of the Dungeon.
You visited 1 branch of the dungeon, and saw 3 of its levels.
You also visited: Sewer.

You collected 182 gold pieces.

Inventory:

Hand Weapons
 a - a +1 dagger of speed (weapon)
Scrolls
 c - a scroll of fog {unknown}
 e - a scroll of magic mapping {unknown}
 g - a scroll of brand weapon {unknown}
 i - a scroll of teleportation
 j - 2 scrolls of enchant armour {unknown}
 k - 5 scrolls of fear {unknown}
 l - a scroll of poison {unknown}
 n - a scroll of enchant weapon {unknown}
 r - 2 scrolls of identify
Potions
 d - 2 potions of magic
 f - a potion of berserk rage {unknown}
 m - a potion of brilliance {unknown}
 o - 6 potions of flight


   Skills:
 - Level 1.7 Dodging
 - Level 1.7 Stealth
 - Level 2.0 Spellcasting
 - Level 6.8 Conjurations
 + Level 0.6 Fire Magic


You had one spell level left.
You knew the following spells:

 Your Spells              Type           Power      Damage    Failure   Level
a - Magic Dart            Conj           100%       1d8       1%          1
b - Searing Ray           Conj           58%        2d6       1%          2
c - Sticky Flame          Conj/Fire      16%        2d4       34%         4

Your spell library contained the following spells:

 Spells                   Type           Power      Damage    Failure   Level
 Sandblast                Erth           4%         2d4       16%         1
 Static Discharge         Conj/Air       15%        N/A       6%          2
 Dazzling Flash           Conj/Hex       30%        N/A       12%         3
 Stone Arrow              Conj/Erth      30%        3d8       12%         3
 Passwall                 Tmut/Erth      1%         N/A       24%         2
 Fulminant Prism          Conj/Hex       7%         3d7       36%         4
 Iskenderun's Mystic Bla  Conj/Tloc      15%        2d5       36%         4
 Dispel Undead            Necr           2%         3d7       83%         4
 Freezing Cloud           Conj/Ice/Air   5%         6-21      86%         5
 Simulacrum               Ice/Necr       1%         N/A       100%        6
 Polar Vortex             Ice            1%         N/A       100%        9


Dungeon Overview and Level Annotations

Branches:
Dungeon (3/15)              Sewer (visited)

Altars:

Annotations:
D:3 Pargi, Terence


Innate Abilities, Weirdness & Mutations

Your plain brown scales are hard. (AC +5)
You cannot fit into any form of body armour.
You are cold-blooded and may be slowed by cold attacks.


Message History

Aiming: Searing Ray (safe; 1% risk of failure)
Press: ? - help, Shift-Dir - straight line, f/p - Pargi
Aim: Pargi (74% to hit)
The searing ray hits Pargi!
Pargi is moderately wounded. (Press . to maintain the ray.) Pargi bites you but does no damage.
Pargi misses you. Pargi claws you.
The searing ray misses Pargi.
Pargi bites you. Pargi barely misses you. Pargi claws you.
The searing ray hits Pargi!
Pargi is heavily wounded.
Pargi misses you. Pargi claws you but does no damage. Pargi closely misses you.
You closely miss Pargi.
Pargi is heavily wounded.
Pargi bites you. Pargi misses you. Pargi claws you but does no damage.
You hit Pargi. You tail-slap Pargi, but do no damage.
Pargi is heavily wounded.
Pargi bites you. Pargi closely misses you. Pargi barely misses you.
You hit Pargi.
Your tail-slap misses Pargi.
Pargi is severely wounded.
You barely miss Pargi.
Your tail-slap misses Pargi.
Pargi is severely wounded.
Pargi bites you! Pargi claws you.
* * * LOW HITPOINT WARNING * * *
Pargi claws you.
* * * LOW HITPOINT WARNING * * *
You hit Pargi but do no damage.
Pargi is severely wounded.
Pargi bites you.
* * * LOW HITPOINT WARNING * * *
Pargi claws you but does no damage. Pargi claws you.
* * * LOW HITPOINT WARNING * * *
You hit Pargi but do no damage. You tail-slap Pargi.
Pargi is severely wounded.
You hit Pargi.
Pargi is severely wounded.
Pargi bites you.
* * * LOW HITPOINT WARNING * * *
Pargi claws you but does no damage. Pargi claws you.
You die...

.### ##...## .# ##+## .#
#.# .# #######.##### .#
#.. ....#... .# #.#
##....# .# #.# #.....#
####.##
.####.####....###.......
...............T@.#
#####.#####.#.##### #.#
#.#.# #.# #.#.. #..
..#### ### #.# #.# ..#


You could see Pargi.

Vanquished Creatures
  Robin (D:2)
  7 adders
  4 river rats (Sewer)
  3 worms (D:2)
  8 bats
  9 endoplasms
  5 giant cockroaches
  13 goblins
  3 hobgoblins (D:1)
  6 jackals
  5 kobolds
  5 quokkas
  10 ball pythons
  8 frilled lizards
  4 rats
91 creatures vanquished.

Notes
Turn   | Place    | Note
-------+----------+-------------------------------------------
     0 | D:1      | wilfster70 the Draconian Conjurer began the quest for the
                  | Orb.
     0 | D:1      | Reached XP level 1. HP: 14/14 MP: 3/3
     7 | D:1      | Identified a scroll of acquirement
     7 | D:1      | Acquired a book of Geomancy
   232 | D:1      | Found Resops's Armour Shop.
   345 | D:1      | Reached XP level 2. HP: 20/20 MP: 1/5
   431 | D:1      | Learned a level 2 spell: Searing Ray
   911 | D:1      | Reached skill level 5 in Conjurations
  1029 | D:1      | Reached XP level 3. HP: 26/26 MP: 4/6
  2257 | D:2      | Reached XP level 4. HP: 33/33 MP: 1/7
  2620 | D:2      | Noticed Robin
  2628 | D:2      | Killed Robin
  3014 | D:3      | Found a glowing drain.
  3018 | Sewer    | Entered a sewer
  3021 | Sewer    | Reached skill level 6 in Conjurations
  3451 | Sewer    | Reached XP level 5. HP: 38/38 MP: 4/8
  4343 | D:3      | Noticed Terence
  4693 | D:2      | Learned a level 4 spell: Sticky Flame
  4731 | D:3      | Found a faded altar of an unknown god.
  4747 | D:3      | Noticed Pargi
  4803 | D:3      | Slain by Pargi

Illustrated notes

Levels and vault maps discovered:
D:1:      kilobyte_arrival_exit_the_forest, layout_loops_ring, serial_shops,
          shop
D:2:      layout_basic, uniq_robin
D:3:      layout_loops_corners, hellmonk_ecumenical_altar_pennies_from_heaven,
          gup_sewer_entry_bowl, chequers_serial_rivers_micro_d,
          minmay_lizard_king, uniq_pargi, uniq_terence

Skill      XL: |  1  2  3  4 |
---------------+-------------+-----
Conjurations   | 5 6 |  6.8
Dodging        | |  1.7
Stealth        | |  1.7
Spellcasting   | |  2.0
Fire Magic     | |  0.6

Action                   |  1- 3 |  4- 6 || total
-------------------------+-------+-------++-------
Melee: Dagger            |    23 |    28 ||    51
       Tailslap          |     2 |     6 ||     8
 Cast: Magic Dart        |    58 |    55 ||   113
       Searing Ray       |    11 |    16 ||    27
  Use: Scroll            |     1 |     2 ||     3
Armor: Skin              |    19 |    49 ||    68
Dodge: Dodged            |    47 |    85 ||   132

Table legend: (Time is in decaauts)
 A = Elapsed time spent in this place.
 B = Non-inter-level travel time spent in this place.
 C = Inter-level travel time spent in this place.
 D = Time resting spent in this place.
 E = Time spent auto-exploring this place.
 F = Levels seen in this place.
 G = Mean time per level.
                   A        B        C        D        E       F      G
               +--------+--------+--------+--------+--------+-----+--------+
         Total |   4988 |   4920 |     68 |   2009 |   1095 |   4 | 1247.0 |
       Dungeon |   3504 |   3436 |     68 |   1281 |    945 |   3 | 1168.0 |
         Sewer |   1484 |   1484 |      0 |    728 |    149 |   1 | 1484.0 |
               +--------+--------+--------+--------+--------+-----+--------+

Top non-repeatable levels by time:
     D:1: 1678 daAuts
     D:2: 1547 daAuts
   Sewer: 1484 daAuts
     D:3: 278 daAuts
